Workbook
Name _tds1: #REF!
Name _tds1: #REF!
Name _tds2: #REF!
Name _tds2: #REF!
Name AIR.Code001: #REF!
Name AIR.Code001: #REF!
Name AIR.Code002: #REF!
Name AIR.Code002: #REF!
Name AIR.Code003: #REF!
Name AIR.Code003: #REF!
Name AIR.Code004: #REF!
Name AIR.Code004: #REF!
Name AIR.Code005: #REF!
Name AIR.Code005: #REF!
Name AIR.Code006: #REF!
Name AIR.Code006: #REF!
Name AIR.Code007: #REF!
Name AIR.Code007: #REF!
Name AIR.Code008: #REF!
Name AIR.Code008: #REF!
Name AIR.TaxExmpIntInc: #REF!
Name AIR.TaxExmpIntInc: #REF!
Name Bank1: #REF!
Name Bank1: #REF!
Name Bank10: #REF!
Name Bank10: #REF!
Name Bank11: #REF!
Name Bank11: #REF!
Name Bank12: #REF!
Name Bank12: #REF!
Name Bank2: #REF!
Name Bank2: #REF!
Name Bank3: #REF!
Name Bank3: #REF!
Name Bank4: #REF!
Name Bank4: #REF!
Name Bank5: #REF!
Name Bank5: #REF!
Name Bank6: #REF!
Name Bank6: #REF!
Name Bank6PCAR: #REF!
Name Bank6PCAR: #REF!
Name Bank7: #REF!
Name Bank7: #REF!
Name Bank8: #REF!
Name Bank8: #REF!
Name Bank9: #REF!
Name Bank9: #REF!
Name BankAccNo: #REF!
Name BankAccNo: #REF!
Name BankArrear: #REF!
Name BankArrear: #REF!
Name BankArrear0: #REF!
Name BankArrear0: #REF!
Name BankArrear1: #REF!
Name BankArrear1: #REF!
Name BankArrear2: #REF!
Name BankArrear2: #REF!
Name BankArrear3: #REF!
Name BankArrear3: #REF!

Sheet Salary Sheet
C1: NPS EMPLOYEE | H1: NO | J1: MARCH 2025 PAYMENT | P1: 66000 | R1: CAT. | T1: GOB | V1: HRA RATES | Y1: 5 | AA1: SENIOR CITIZEN | AD1: NO
C2: INSTALL - KRUTIDEV 10 & DEVLYS 10 FONT
C3: SCHOOL NAME
C4: INCOME TAX CALCULATION FY 2025-26
C5: NAME : | D5: PARMANAND MEGHWAL | J5: POST: | L5: HEAD MASTER | P5: PAN : | Q5: XXXXXXXXXX | U5: TAN: | V5: AAAAAAAA | AA5: A/C NO. | AC5: XXXXXXXXX
N6: RAJTEACHERS.NET | AA6: MOB NO. | AC6: XXXXXXXXX
C7: Month | D7: Basic Pay | E7: Dearness Pay | F7: Leave Pay | G7: Spl. Pay | H7: D.A. | J7: H.R.A. | K7: Medical Allow. | L7: Washing Allow. | M7: ROP (If any, put the value in minus) | N7: Other Allowance | O7: Gross Salary | P7: =IF(H1="No"," ","Emp. C.Pen.F.") | Q7: =IF(H1="No","GPF","") -> GPF | R7: SI | S7: SI LOAN + INT | T7: Service Tax | U7: LIC | V7: Group Insurance Accidental | W7: HBA Premium | X7: HBA Interest | Y7: Income Tax / TDS | Z7: Others | AA7: Others | AB7: Total Deduction | AC7: Net Payment | AD7: Bill No. & T.V. No.
B8: 3 | C8: 45717 | D8: =P1 -> 66000 | E8: 0 | F8: 0 | G8: 0 | H8: =IF($T$1="GOB",ROUND((D8)*0.53,0),IF($T$1="SSA",ROUND((D8)*0.53,0))) -> 34980 | I8: =$Y$1 -> 5 | J8: =ROUND(D8*I8/100,0) -> 3300 | K8: 1000 | L8: 0 | M8: 0 | N8: 0 | O8: =SUM(D8:N8)-I8 -> 105280 | P8: =IF($H$1="Yes",ROUND((D8+H8)*0.1,0),0) -> 0 | Q8: 0 | S8: 0 | V8: 30 | Y8: 3000 | AB8: =SUM(P8:AA8) -> 3030 | AC8: =O8-AB8 -> 102250
B9: 4 | C9: 45748 | D9: =D8 -> 66000 | E9: =IF(E$8=0,0,ROUND(D9/2,0)) -> 0 | F9: =IF(F$8=0,0,F8) -> 0 | G9: =IF(G$8=0,0,G8) -> 0 | H9: =IF($T$1="GOB",ROUND((D9)*0.53,0),IF($T$1="SSA",ROUND((D9)*0.53,0))) -> 34980 | I9: =$Y$1 -> 5 | J9: =ROUND(D9*I9/100,0) -> 3300 | K9: =IF(K$8=0,0,K8) -> 1000 | L9: =IF(L$8=0,0,L8) -> 0 | M9: =IF(M$8=0,0,M8) -> 0 | N9: =IF(N$8=0,0,N8) -> 0 | O9: =SUM(D9:N9)-I9 -> 105280 | P9: =IF($H$1="Yes",ROUND((D9+H9)*0.1,0),0) -> 0 | Q9: =Q8 -> 0 | S9: =S8 -> 0 | U9: =U8 -> 0 | V9: 30 | W9: =W8 -> 0 | X9: =X8 -> 0 | Y9: =Y8 -> 3000 | Z9: =Z8 -> 0 | AA9: =AA8 -> 0 | AB9: =SUM(P9:AA9) -> 3030 | AC9: =O9-AB9 -> 102250
B10: 5 | C10: 45778 | D10: =D9 -> 66000 | E10: =IF($E$8=0,0,ROUND(D10/2,0)) -> 0 | F10: =IF(F$8=0,0,F9) -> 0 | G10: =IF(G$8=0,0,G9) -> 0 | H10: =IF($T$1="GOB",ROUND((D10)*0.55,0),IF($T$1="SSA",ROUND((D10)*0.55,0))) -> 36300 | I10: =$Y$1 -> 5 | J10: =ROUND(D10*I10/100,0) -> 3300 | K10: =IF(K$8=0,0,K9) -> 1000 | L10: =IF(L$8=0,0,L9) -> 0 | M10: =IF(M$8=0,0,M9) -> 0 | N10: =IF(N$8=0,0,N9) -> 0 | O10: =SUM(D10:N10)-I10 -> 106600 | P10: =IF($H$1="Yes",ROUND((D10+H10)*0.1,0),0) -> 0 | Q10: =Q9 -> 0 | S10: =S9 -> 0 | U10: =U9 -> 0 | V10: 30 | W10: =W9 -> 0 | X10: =X9 -> 0 | Y10: =Y9 -> 3000 | Z10: =Z9 -> 0 | AA10: =AA9 -> 0 | AB10: =SUM(P10:AA10) -> 3030 | AC10: =O10-AB10 -> 103570
B11: 6 | C11: 45809 | D11: =D10 -> 66000 | E11: =IF($E$8=0,0,ROUND(D11/2,0)) -> 0 | F11: =IF(F$8=0,0,F10) -> 0 | G11: =IF(G$8=0,0,G10) -> 0 | H11: =IF($T$1="GOB",ROUND((D11)*0.55,0),IF($T$1="SSA",ROUND((D11)*0.55,0))) -> 36300 | I11: =$Y$1 -> 5 | J11: =ROUND(D11*I11/100,0) -> 3300 | K11: =IF(K$8=0,0,K10) -> 1000 | L11: =IF(L$8=0,0,L10) -> 0 | M11: =IF(M$8=0,0,M10) -> 0 | N11: =IF(N$8=0,0,N10) -> 0 | O11: =SUM(D11:N11)-I11 -> 106600 | P11: =IF($H$1="Yes",ROUND((D11+H11)*0.1,0),0) -> 0 | Q11: =Q10 -> 0 | S11: =S10 -> 0 | U11: =U10 -> 0 | V11: 30 | W11: =W10 -> 0 | X11: =X10 -> 0 | Y11: =Y10 -> 3000 | Z11: =Z10 -> 0 | AA11: =AA10 -> 0 | AB11: =SUM(P11:AA11) -> 3030 | AC11: =O11-AB11 -> 103570
B12: 7 | C12: 45839 | D12: =MROUND(ROUND(1.03*D11,0),100) -> 68000 | E12: =IF($E$8=0,0,ROUND(D12/2,0)) -> 0 | F12: =IF(F$8=0,0,F11) -> 0 | G12: =IF(G$8=0,0,G11) -> 0 | H12: =IF($T$1="GOB",ROUND((D12)*0.55,0),IF($T$1="SSA",ROUND((D12)*0.55,0))) -> 37400 | I12: =$Y$1 -> 5 | J12: =ROUND(D12*I12/100,0) -> 3400 | K12: =IF(K$8=0,0,K11) -> 1000 | L12: =IF(L$8=0,0,L11) -> 0 | M12: =IF(M$8=0,0,M11) -> 0 | N12: =IF(N$8=0,0,N11) -> 0 | O12: =SUM(D12:N12)-I12 -> 109800 | P12: =IF($H$1="Yes",ROUND((D12+H12)*0.1,0),0) -> 0 | Q12: =Q11 -> 0 | S12: =S11 -> 0 | U12: =U11 -> 0 | V12: 30 | W12: =W11 -> 0 | X12: =X11 -> 0 | Y12: =Y11 -> 3000 | Z12: =Z11 -> 0 | AA12: =AA11 -> 0 | AB12: =SUM(P12:AA12) -> 3030 | AC12: =O12-AB12 -> 106770
B13: 8 | C13: 45870 | D13: =D12 -> 68000 | E13: =IF($E$8=0,0,ROUND(D13/2,0)) -> 0 | F13: =IF(F$8=0,0,F12) -> 0 | G13: =IF(G$8=0,0,G12) -> 0 | H13: =IF($T$1="GOB",ROUND((D13)*0.55,0),IF($T$1="SSA",ROUND((D13)*0.55,0))) -> 37400 | I13: =$Y$1 -> 5 | J13: =ROUND(D13*I13/100,0) -> 3400 | K13: =IF(K$8=0,0,K12) -> 1000 | L13: =IF(L$8=0,0,L12) -> 0 | M13: =IF(M$8=0,0,M12) -> 0 | N13: =IF(N$8=0,0,N12) -> 0 | O13: =SUM(D13:N13)-I13 -> 109800 | P13: =IF($H$1="Yes",ROUND((D13+H13)*0.1,0),0) -> 0 | Q13: =Q12 -> 0 | S13: =S12 -> 0 | U13: =U12 -> 0 | V13: 30 | W13: =W12 -> 0 | X13: =X12 -> 0 | Y13: =Y12 -> 3000 | Z13: =Z12 -> 0 | AA13: =AA12 -> 0 | AB13: =SUM(P13:AA13) -> 3030 | AC13: =O13-AB13 -> 106770
B14: 9 | C14: 45901 | D14: =D13 -> 68000 | E14: =IF($E$8=0,0,ROUND(D14/2,0)) -> 0 | F14: =IF(F$8=0,0,F13) -> 0 | G14: =IF(G$8=0,0,G13) -> 0 | H14: =IF($T$1="GOB",ROUND((D14)*0.55,0),IF($T$1="SSA",ROUND((D14)*0.55,0))) -> 37400 | I14: =$Y$1 -> 5 | J14: =ROUND(D14*I14/100,0) -> 3400 | K14: =IF(K$8=0,0,K13) -> 1000 | L14: =IF(L$8=0,0,L13) -> 0 | M14: =IF(M$8=0,0,M13) -> 0 | N14: =IF(N$8=0,0,N13) -> 0 | O14: =SUM(D14:N14)-I14 -> 109800 | P14: =IF($H$1="Yes",ROUND((D14+H14)*0.1,0),0) -> 0 | Q14: =Q13 -> 0 | S14: 2500 | U14: =U13 -> 0 | V14: 30 | W14: =W13 -> 0 | X14: =X13 -> 0 | Y14: =Y13 -> 3000 | Z14: =Z13 -> 0 | AA14: =AA13 -> 0 | AB14: =SUM(P14:AA14) -> 5530 | AC14: =O14-AB14 -> 104270
B15: 10 | C15: 45931 | D15: =D14 -> 68000 | E15: =IF($E$8=0,0,ROUND(D15/2,0)) -> 0 | F15: =IF(F$8=0,0,F14) -> 0 | G15: =IF(G$8=0,0,G14) -> 0 | H15: =IF($T$1="GOB",ROUND((D15)*0.58,0),IF($T$1="SSA",ROUND((D15)*0.58,0))) -> 39440 | I15: =$Y$1 -> 5 | J15: =ROUND(D15*I15/100,0) -> 3400 | K15: =IF(K$8=0,0,K14) -> 1000 | L15: =IF(L$8=0,0,L14) -> 0 | M15: =IF(M$8=0,0,M14) -> 0 | N15: =IF(N$8=0,0,N14) -> 0 | O15: =SUM(D15:N15)-I15 -> 111840 | P15: =IF($H$1="Yes",ROUND((D15+H15)*0.1,0),0) -> 0 | Q15: =Q14 -> 0 | S15: =S14 -> 2500 | U15: =U14 -> 0 | V15: 30 | W15: =W14 -> 0 | X15: =X14 -> 0 | Y15: =Y14 -> 3000 | Z15: =Z14 -> 0 | AA15: =AA14 -> 0 | AB15: =SUM(P15:AA15) -> 5530 | AC15: =O15-AB15 -> 106310
B16: 11 | C16: 45962 | D16: =D15 -> 68000 | E16: =IF($E$8=0,0,ROUND(D16/2,0)) -> 0 | F16: =IF(F$8=0,0,F15) -> 0 | G16: =IF(G$8=0,0,G15) -> 0 | H16: =IF($T$1="GOB",ROUND((D16)*0.58,0),IF($T$1="SSA",ROUND((D16)*0.58,0))) -> 39440 | I16: =$Y$1 -> 5 | J16: =ROUND(D16*I16/100,0) -> 3400 | K16: =IF(K$8=0,0,K15) -> 1000 | L16: =IF(L$8=0,0,L15) -> 0 | M16: =IF(M$8=0,0,M15) -> 0 | N16: =IF(N$8=0,0,N15) -> 0 | O16: =SUM(D16:N16)-I16 -> 111840 | P16: =IF($H$1="Yes",ROUND((D16+H16)*0.1,0),0) -> 0 | Q16: =Q15 -> 0 | S16: =S15 -> 2500 | U16: =U15 -> 0 | V16: 30 | W16: =W15 -> 0 | X16: =X15 -> 0 | Y16: =Y15 -> 3000 | Z16: =Z15 -> 0 | AA16: =AA15 -> 0 | AB16: =SUM(P16:AA16) -> 5530 | AC16: =O16-AB16 -> 106310
B17: 12 | C17: 45992 | D17: =D16 -> 68000 | E17: =IF($E$8=0,0,ROUND(D17/2,0)) -> 0 | F17: =IF(F$8=0,0,F16) -> 0 | G17: =IF(G$8=0,0,G16) -> 0 | H17: =IF($T$1="GOB",ROUND((D17)*0.58,0),IF($T$1="SSA",ROUND((D17)*0.58,0))) -> 39440 | I17: =$Y$1 -> 5 | J17: =ROUND(D17*I17/100,0) -> 3400 | K17: =IF(K$8=0,0,K16) -> 1000 | L17: =IF(L$8=0,0,L16) -> 0 | M17: =IF(M$8=0,0,M16) -> 0 | N17: =IF(N$8=0,0,N16) -> 0 | O17: =SUM(D17:N17)-I17 -> 111840 | P17: =IF($H$1="Yes",ROUND((D17+H17)*0.1,0),0) -> 0 | Q17: =Q16 -> 0 | S17: =S16 -> 2500 | U17: =U16 -> 0 | V17: 30 | W17: =W16 -> 0 | X17: =X16 -> 0 | Y17: =Y16 -> 3000 | Z17: =Z16 -> 0 | AA17: =AA16 -> 0 | AB17: =SUM(P17:AA17) -> 5530 | AC17: =O17-AB17 -> 106310
B18: 1 | C18: 46023 | D18: =D17 -> 68000 | E18: =IF($E$8=0,0,ROUND(D18/2,0)) -> 0 | F18: =IF(F$8=0,0,F17) -> 0 | G18: =IF(G$8=0,0,G17) -> 0 | H18: =IF($T$1="GOB",ROUND((D18)*0.58,0),IF($T$1="SSA",ROUND((D18)*0.58,0))) -> 39440 | I18: =$Y$1 -> 5 | J18: =ROUND(D18*I18/100,0) -> 3400 | K18: =IF(K$8=0,0,K17) -> 1000 | L18: =IF(L$8=0,0,L17) -> 0 | M18: =IF(M$8=0,0,M17) -> 0 | N18: =IF(N$8=0,0,N17) -> 0 | O18: =SUM(D18:N18)-I18 -> 111840 | P18: =IF($H$1="Yes",ROUND((D18+H18)*0.1,0),0) -> 0 | Q18: =Q17 -> 0 | S18: =S17 -> 2500 | U18: =U17 -> 0 | V18: 30 | W18: =W17 -> 0 | X18: =X17 -> 0 | Y18: =Y17 -> 3000 | Z18: =Z17 -> 0 | AA18: =AA17 -> 0 | AB18: =SUM(P18:AA18) -> 5530 | AC18: =O18-AB18 -> 106310
B19: 2 | C19: 46054 | D19: =D18 -> 68000 | E19: =IF($E$8=0,0,ROUND(D19/2,0)) -> 0 | F19: =IF(F$8=0,0,F18) -> 0 | G19: =IF(G$8=0,0,G18) -> 0 | H19: =IF($T$1="GOB",ROUND((D19)*0.58,0),IF($T$1="SSA",ROUND((D19)*0.58,0))) -> 39440 | I19: =$Y$1 -> 5 | J19: =ROUND(D19*I19/100,0) -> 3400 | K19: =IF(K$8=0,0,K18) -> 1000 | L19: =IF(L$8=0,0,L18) -> 0 | M19: =IF(M$8=0,0,M18) -> 0 | N19: =IF(N$8=0,0,N18) -> 0 | O19: =SUM(D19:N19)-I19 -> 111840 | P19: =IF($H$1="Yes",ROUND((D19+H19)*0.1,0),0) -> 0 | Q19: =Q18 -> 0 | S19: =S18 -> 2500 | U19: =U18 -> 0 | V19: 30 | W19: =W18 -> 0 | X19: =X18 -> 0 | Z19: =Z18 -> 0 | AA19: =AA18 -> 0 | AB19: =SUM(P19:AA19) -> 2530 | AC19: =O19-AB19 -> 109310
C20: DA Arrear 55% | H20: =(ROUND(55%*D8,0)-ROUND(53%*D8,0))*4 -> 5280 | O20: =SUM(D20:N20) -> 5280 | P20: =IF(H1<>"yes",0,ROUND(H20*10/100,0)) -> 0 | AB20: =SUM(P20:AA20) -> 0 | AC20: =O20-AB20 -> 5280
C21: DA Arrear 58% | H21: =(ROUND(58%*D12,0)-ROUND(55%*D12,0))*3 -> 6120 | O21: =SUM(D21:N21) -> 6120 | P21: =IF(H1<>"yes",0,ROUND(H21*10/100,0)) -> 0 | AB21: =SUM(P21:AA21) -> 0 | AC21: =O21-AB21 -> 6120
C22: Surrender | O22: =SUM(D22:N22) -> 0 | AB22: =SUM(P22:AA22) -> 0 | AC22: =O22-AB22 -> 0
C23: Bonus | O23: =SUM(D23:N23) -> 0 | AB23: =SUM(P23:AA23) -> 0 | AC23: =O23-AB23 -> 0
C24: Fixation Arrear | O24: =SUM(D24:N24) -> 0 | AB24: =SUM(P24:AA24) -> 0 | AC24: =O24-AB24 -> 0
C25: Salary Arrear 1 | O25: =SUM(D25:N25) -> 0 | AB25: =SUM(P25:AA25) -> 0 | AC25: =O25-AB25 -> 0
C26: Salary Arrear 2 | O26: =SUM(D26:N26) -> 0 | AB26: =SUM(P26:AA26) -> 0 | AC26: =O26-AB26 -> 0
C27: Salary Arrear 3 | O27: =SUM(D27:N27) -> 0 | AB27: =SUM(P27:AA27) -> 0 | AC27: =O27-AB27 -> 0
C28: Other | O28: =SUM(D28:N28) -> 0 | AB28: =SUM(P28:AA28) -> 0 | AC28: =O28-AB28 -> 0
C29: TOTAL | D29: =SUM(D8:D28) -> 808000 | E29: =SUM(E8:E28) -> 0 | F29: =SUM(F8:F28) -> 0 | G29: =SUM(G8:G28) -> 0 | H29: =SUM(H8:H28) -> 463360 | J29: =SUM(J8:J28) -> 40400 | K29: =SUM(K8:K28) -> 12000 | L29: =SUM(L8:L28) -> 0 | M29: =SUM(M8:M28) -> 0 | N29: =SUM(N8:N28) -> 0 | O29: =SUM(O8:O28) -> 1323760 | P29: =SUM(P8:P28) -> 0 | Q29: =SUM(Q8:Q28) -> 0 | ... AC29: =SUM(AC8:AC28) -> 1275400
E34: Signature of Employee | AC34: Signature of DDO

Sheet Other Deduction
A1: osru ds vfrfjDr dVkSfr;k¡] vk;@tek jkf'k ,oa NwV dk fooj.k
A2: ='Salary Sheet'!D5& " , " &'Salary Sheet'!L5&" PAN- "&'Salary Sheet'!Q5 -> PARMANAND MEGHWAL , HEAD MASTER PAN- XXXXXXXXXX
A3: 1- edku fdjk;k HkRrk ¼ NwV tks ysuh gS½ | B3: 0 | D3: 17- cpr [kkrs dh tek jkf'k ij izkIr C;kt (80 TTA/80 TTB) gsrq | E3: 0 | F3: BASIC+D.A. | DR3: UPS Kuhada Khurd
A4: 2- euksjatu Hkrk /kkjk 16 ¼ii½ ds vUrxZr | B4: 0 | D4: 18- vU; vk; ¼,Q Mh ij C;kt] vU; C;kt ;k vU; L=ks+= ls vk; vkfn dk ;ksx½ | E4: 0 | F4: ='Salary Sheet'!O29-'Salary Sheet'!J29 -> 1283360
A5: 3- O;olk; dj /kkjk 16 ¼iii½ ds vUrxrZ | B5: 0 | D5: 19- vU; tek jkf'k ¼/kkjk 80 lh ds vUrxZr½ | E5: 0 | F5: Taxable Amt
A6: 4- x`g lEifr ls izkIr fdjk;k & vk; | B6: 0 | D6: 20- /kkjk 80CCC - isa'ku Iyku gsrq va'knku ¼,u-ih-,l- ds avykok½ | E6: 0 | F6: ='Tax Old Regime'!Q47 -> 1273400
A7: 5- x`gdj | B7: 0 | D7: 21- /kkjk 80CCD(1B) -uohu isa'ku ;kstuk esa vfrfjDr va'knku ¼vf/kdre :- 50]000½ | E7: 0 | F7: Tax Deposited
A8: 6- x`g _.k fdLr ewy ¼tks osru ls ugha dkVk x;k½ | B8: 0 | D8: 22- /kkjk 80D - fpfdRlk chek izhfe;e ¼lkekU; 25000] ofj"B ukxfjd 50000½ | E8: 0 | F8: ='Salary Sheet'!Y29 -> 33000
A9: 7- x`g _.k fdLr C;kt ¼tks osru ls ugha dkVk x;k½ | B9: 0 | D9: 23- /kkjk 80DD - fodykax vkfJrksa ds fpfdRlk mipkj¼vf/kdre 75000] 80% fodykaxrk 125000½ | E9: 0 | F9: Rebate Under Section 80C, 80CCC, 80CCD(1)
A10: 8- thou chek izhfe;e ¼tks osru ls ugh dkVk x;k½ LIC | B10: 0 | D10: 24- /kkjk 80DDB - fof'k"V jksxksa ds mipkj gsrq dVkSrh ¼lkekU; 40000] ofj"B ukxfjd 1 yk[k½ | E10: 0 | DR10: UPS Banediya Charnan
A11: 9- ih-,y-vkbZ- (PLI) | B11: 0 | D11: 25- /kkjk 80E - mPp f'k{kk gsrq fy, _.k dk C;kt ¼/kkjk 80E½ | E11: 0 | DR11: UPS Laxmipura Dhakaran
A12: 10- V;w'ku Qhl (Tution Fees) | B12: 0 | D12: 26- /kkjk 80G - /kekZFkZ laLFkkvksa vkfn dks fn;s nku ¼d Js.kh 100% ,oa [k Js.kh 50%½ | E12: 0 | F12: ='Tax Old Regime'!Q31 -> 360 | DR12: UPS Pathraj Kala
A13: 11- ;w- ,y- vkbZ- ih-@okf"kZd Iyku | B13: 0 | D13: 27- /kkjk 80U - LFkkbZ 'kkjhfjd fodykaxrk ¼vf/kdre 75000] 80% fodykaxrk 125000½ | E13: 0
A14: 12- jk"Vªh; cpr i= (NSC) | B14: 0 | D14: 28- /kkjk 80 GGA - vuqeksfnr oSKkfud]lkekftd]xzkeh.k fodkl vkfn gsrq fn;k x;k nku | E14: 0 | F14: edku fdjk;k NwV ds fy, jlhn dh vko';drk | DR14: PS Aarampura
A15: 13- jk"Vªh; cpr i= ij vnr C;kt | B15: 0 | D15: 29- bfDoVh fyad lsfoax Ldhe | E15: 0 | DR15: UPS Laxmipura Dhakaran
A16: 14- yksd Hkfo"; fuf/k (PPF) | B16: 0 | D16: 30- LFkfxr okf"kZdh | E16: 0 | DR16: UPS Raghunathpura
A17: 15- jk"Vªh; cpr Ldhe | B17: 0 | D17: 31- jkgr /kkjk 89 ds rgr | E17: 0 | F17: =IF(B3>=1,(F4*10%+B3),0) -> 0 | DR17: UPS Manda
A18: 16- lqdU;k le`f) ;kstuk (SSY) | B18: 0 | D18: 32- osru fcy ds vykok tek djk;k x;k aavk;dj (TDS) | E18: 0 | DR18: UPS Sandla
A19: ='Tax Old Regime'!B63 -> Income Tax Payable | D19: ='Tax Old Regime'!Q63 -> 169301 | E19: HRA | F19: ='Salary Sheet'!J29 -> 40400 | DR19: UPS Ramsinghpura
A20: ="Total Rebate of (US 80C, 80CCC,80CCD(1)) = "&'Tax Old Regime'!Q31 -> Total Rebate of (US 80C, 80CCC,80CCD(1)) = 360 | D20: ="Investable Amount = "&(150000-'Tax Old Regime'!Q31) -> Investable Amount = 149640 | DR20: GSS Ganeshganj
A21: WWW.RAJTEACHERS.NET

Sheet Tax Old Regime
B1: ='Salary Sheet'!C3 -> SCHOOL NAME
B2: vk;dj x.kuk izi= o"kZ 2025&2026 ¼dj fu/kkZj.k o"kZ 2026&2027½
B3: 1 | C3: uke deZpkjh % | E3: ='Salary Sheet'!D5 -> PARMANAND MEGHWAL | K3: in % | L3: ='Salary Sheet'!L5 -> HEAD MASTER | O3: PAN : | P3: =IF('Salary Sheet'!Q5="","",'Salary Sheet'!Q5) -> XXXXXXXXXX
B4: 2 | C4: vk; % o"kZ&2025&26 esa izkIr dqy osru ¼ dj ;ksX; lqfo/kkvksa ds eqY; lfgr ½ | P4: #- | Q4: =IF('Salary Sheet'!H1<>"yes",'Salary Sheet'!O29,('Salary Sheet'!O29+'Salary Sheet'!P29)) -> 1323760
B5: 3 | C5: x`g fdjk;k] /kkjk 10¼13&A½ ds vUrxrZ ,oa /kkjk 10¼14½ds vUrxrZ vU; Hkrs tks dj eqDÙk gSA | P5: #- | Q5: ='Other Deduction'!B3 -> 0
B6: 4 | C6: 'ks"k ¼2&3½ | P6: #- | Q6: =Q4-Q5 -> 1323760
B7: 5 | C7: ¼i½ euksjatu Hkrk /kkjk 16 ¼ii½ ds vUrxrZ ¼ vf/kdre lhek : 5000 ½ | M7: ='Other Deduction'!B4 -> 0
C8: ¼ii½ O;o;k; dj /kkjk 16 ¼iii½ ds vUrxrZ | M8: ='Other Deduction'!B5 -> 0
C9: ¼iiI½ LVs.MMZ fMMsD'ku (Standard Deduction) 50]000 ¼vf/kdre½ | M9: =IF(Q6<50000,Q6,50000) -> 50000 | P9: #- | Q9: =SUM(M7:O9) -> 50000
B10: 6 | C10: 'ks"k ¼4&5½ | P10: #- | Q10: =Q6-Q9 -> 1273760
B11: 7 | C11: ¼v½x`g lEifr ls vk;%¼1½ Loa; ds mi;ksx esa &'kwU; | K11: ¼2½ izkIr fdjk;k #- | M11: ='Other Deduction'!B6 -> 0
C12: ¼c½ ?kVk;sa | E12: fdjk;s dk 30% | H12: x`g _.k ij C;kt | K12: x`gdj | M12: ;ksx 7¼c½
E13: =ROUND(M11*0.3,0) -> 0 | H13: =IF(('Salary Sheet'!X29+'Other Deduction'!B9)>200000,200000,('Salary Sheet'!X29+'Other Deduction'!B9)) -> 0 | K13: ='Other Deduction'!B7 -> 0 | M13: =E13+H13+K13 -> 0
C14: 'ks"k &@$¼7¼v½ ,oa ;ksx 7¼c½ dk½ | P14: #- | Q14: =M11-M13 -> 0
B15: 8 | C15: dqy 'ks"k &@$¼6,oa 7½ | P15: #- | Q15: =Q10+Q14 -> 1273760
B16: 9 | C16: vU; vk; | P16: #- | Q16: ='Other Deduction'!E3+'Other Deduction'!E4 -> 0
B17: 10 | C17: ldy vk; ;ksx ¼8$9½ | P17: #- | Q17: =Q15+Q16 -> 1273760
B18: 11 | C18: ?kVkb;s dVkSSfr;k¡ %& /kkjk US 80C, 80CCC,80CCD (1)
C19: (A) vf/kdre lhek 1]50]000@& ¼/kkjk 80CCE ½ ] ¼/kkjk 80CCD (2), ds vykok
C20: (i) | D20: jkT; chek ¼SI) | H20: #- | I20: ='Salary Sheet'!R29 -> 0 | J20: (xi) | K20: ljdkjh isa'ku ;kstuk esa va'knku ECPF vf/kdre osru dk 10%¼/kkjk 80ccd½ | N20: #- | O20: =IF('Salary Sheet'!H1<>"no",'Salary Sheet'!P29-Q33,0) -> 0
C21: (ii) | D21: thou chek izhfe;e ¼LIC) | H21: #- | I21: ='Salary Sheet'!U29+'Other Deduction'!B10 -> 0 | J21: (xii) | K21: isa'ku Iyku gsrq va'knku¼/kkjk 80ccc½ | N21: #- | O21: ='Other Deduction'!E6 -> 0
C22: (iii) | D22: jk"Vªh; cpr i= ¼NSC) | H22: #- | I22: ='Other Deduction'!B14 -> 0 | J22: (xiii) | K22: jk"Vªh; cpr i= ij vnr C;kt | N22: #- | O22: ='Other Deduction'!B15 -> 0
C23: (iv) | D23: yksd Hkfo"; fuf/k ¼PPF) | H23: #- | I23: ='Other Deduction'!B16 -> 0 | J23: (xiv) | K23: V;w'ku Qhl | N23: #- | O23: ='Other Deduction'!B12 -> 0
C24: (v) | D24: jk"Vªh; cpr Ldhe ¼NSS) | H24: #- | I24: ='Other Deduction'!B17 -> 0 | J24: (xv) | K24: bfDoVh fyad lsfoax Ldhe | N24: #- | O24: ='Other Deduction'!E15 -> 0
C25: (vi) | D25: lkekU; izko/kk;h fuf/k ¼GPF) | H25: #- | I25: =IF('Salary Sheet'!H1<>"yes",'Salary Sheet'!P29,0) -> 0 | J25: (xvi) | K25: LFkfxr okf"kZdh ¼Defferred Annuty) | N25: #- | O25: ='Other Deduction'!E16 -> 0
C26: (vii) | D26: lkewfgd chek izhfe;e ¼G.Ins.) | H26: #- | I26: ='Salary Sheet'!V29 -> 360 | J26: (xvii) | K26: ih-,y-vkbZ- ¼PLI) | N26: #- | O26: ='Other Deduction'!B11 -> 0
C27: (viii) | D27: ;w- ,y- vkbZ- ih-@okf"kZd Iyku | H27: #- | I27: ='Other Deduction'!B13 -> 0 | J27: (xviii) | K27: vU; tekjkf'k ¼/kkjk 80 lh ds vUrxZr½ | N27: #- | O27: ='Other Deduction'!E5 -> 0
C28: (ix) | D28: x`g _.k fdLr ¼HBA Premium) | H28: #- | I28: ='Salary Sheet'!W29+'Other Deduction'!B8 -> 0 | J28: (xix) | K28: lqdU;k le`f) ;kstuk esa tek jkf'k | N28: #- | O28: ='Other Deduction'!B18 -> 0
C29: (x) | K29: vU;
C30: ;ksx ( i ls xviii ) | N30: #- | O30: =SUM(I20:I29)+SUM(O20:O29) -> 360
C31: vf/kdre dVkSrh dh jkf'k 1-50 yk[k #i, rd | P31: #- | Q31: =IF(O30<150001,ROUND(O30,0),150000) -> 360
C32: (B) ?kVkb;s& /kkjk 80CCD(2) fu;ksDrk }kjk isa'ku va'knku dh jkf'k ¼vf/kdre osru dk 10%) i`Fkd ls NwV | Q32: =IF('Salary Sheet'!H1<>"no",'Salary Sheet'!P29,0) -> 0
C33: (C) ?kVkb;s & /kkjk 80CCD (1B) uohu isa'ku ;kstuk esa vfrfjDr va'knku ¼vf/kdre :- 50]000) | P33: #- | Q33: ='Other Deduction'!E7 -> 0
C34: ;ksx 11(A+B+C) | P34: #- | Q34: =SUM(Q31:Q33) -> 360
B35: 12 | C35: vU; dVkSfr;k¡
C36: 1-/kkjk 80 D ,fpfdRlk chek izhfe;e ¼Lo;a]ifr@iRuh o cPpksa ds fy, : 25000] ekrk&firk ds fy, : 25000]lhfu;j flVhtu : 50000½ | P36: #- | Q36: ='Other Deduction'!E8 -> 0
C37: 2- /kkjk 80DD fodykax vkfJrksa ds fpfdRlk mipkj ¼vf/kdre 75]000 rFkk 80% ;k vf/kd fodykaxrk 125]000½ | P37: #- | Q37: ='Other Deduction'!E9 -> 0
C38: 3- /kkjk 80DDB fof'k"V jksaxksa ds mipkj gsrq dVkSrh ¼vf/kdre : 40]000] lhfu;j flVhtu gsrq : 100]000½ | P38: #- | Q38: ='Other Deduction'!E10 -> 0
C39: 4- /kkjk 80E mPp f'k{kk gsrq fy, _.k dk C;kt | P39: #- | Q39: ='Other Deduction'!E11 -> 0
C40: 5- /kkjk 80G /kekZFkZ laLFkkvksa vkfn dks fn;s nku ¼ d Js.kh esa 100 izfr'kr ,oa [k Js.kh esa 50 izfr'kr½ | P40: #- | Q40: ='Other Deduction'!E12 -> 0
C41: 6- /kkjk 80U LFkkbZ :i ls 'kkjhfjd vleFkZrrk dh n'kk esa ¼vf/kdre 75]000 rFkk vf/kfu;e 1995ds vuqlkj 125]000½ | P41: #- | Q41: ='Other Deduction'!E13 -> 0
C42: 7- /kkjk 80 TTA cpr [kkrs ij vf/kdre C;kt :- 10]000 194(IA) (80 TTB - aofj"B ukxfjd vf/kdre C;kt 50000:-½ | P42: #- | Q42: =IF('Salary Sheet'!AD1<>"Yes",IF('Other Deduction'!E3<50001,'Other Deduction'!E3,50000),IF('Other Deduction'!E3<10001,'Other Deduction'!E3,10000)) -> 0
C43: 8- /kkjk 80 GGA vuqeksfnr oSKkfud] lkekftd] xzkeh.k fodkl vkfn gsrq fn;k x;k nku | P43: #- | Q43: ='Other Deduction'!E14 -> 0
C44: dqy ;ksx 12 ¼ 1 ls 6 rd ½ | P44: #- | Q44: =SUM(Q36:Q43) -> 0
B45: 13 | C45: dqy dVkSrh ( 11 + 12) | P45: #- | Q45: =Q34+Q44 -> 360
B46: 14 | C46: dj ;ksX; vk; ( 10 - 13 ) | P46: #- | Q46: =(Q17-Q45) -> 1273400
B47: 15 | C47: dqy vk; dh jkf'k dks lEiw.kZ djuk ¼ nl ds xq.kd esa ½ /kkjk 288A | P47: #- | Q47: =ROUND(Q46,-1) -> 1273400
B48: 16 | C48: vk;dj dh x.kuk mijksDr dkWye 15 ds vk/kkj ij
C49: ,d O;fDr dj nkrk | H49: ofj"B ukxfjd ¼60 ls 80 o"kZ rd½ | L49: 80 o"kZ ;k vf/kd vk;q
C50: 2,50,000 rd | F50: Nil | H50: 3,00,000 rd | K50: Nil | L50: 3,00,000 rd | O50: Nil | P50: #- | Q50: 0
C51: 2,50,001-5,00,000 | F51: 0.05 | H51: 3,00,001-5,00,000 | K51: 0.05 | L51: 5,00,000 rd | O51: Nil | P51: #- | Q51: =ROUND(IF('Salary Sheet'!AD1="no",IF(Q47<250001,0,IF(Q47>500000,12500,((Q47-250000)*0.05))),IF(Q47<300001,0,IF(Q47>500000,10000,((Q47-300000)*0.05)))),0) -> 12500
C52: 5,00,001-10,00,000 | F52: 0.2 | H52: 5,00,001-10,00,000 | K52: 0.2 | L52: 5,00,001-10,00,000 | O52: 0.2 | P52: #- | Q52: =IF(Q47<500001,0,IF(Q47>1000000,100000,((Q47-500000)*0.2))) -> 100000
C53: 10,00,000 ls vf/kd | F53: 0.3 | H53: 10,00,000 ls vf/kd | K53: 0.3 | L53: 10,00,000 ls vf/kd | O53: 0.3 | P53: #- | Q53: =IF(Q47<1000001,0,((Q47-1000000)*0.3)) -> 82020
C54: ¼1½ ;ksx vk;dj | P54: #- | Q54: =SUM(Q50:Q53) -> 194520
C55: ¼2½ NwV ?kkjk 87¼A½ ¼2-50 yk[k ls 5-00 yk[k rd dh dj ;ksX; vk; ij vk;dj dh NwV vf/kdre :- 12500 rd½ | P55: #- | Q55: =IF(Q47>500000,0,IF(Q54<12501,Q54,12500)) -> 0
C56: ¼3½ 'ks"k vk;dj ¼1&2½ | P56: #- | Q56: =Q54-Q55 -> 194520
C57: ¼4½ f'k{kk midj 2% ,oa mPp f'k{kk ds fy, vf/kHkkj 2% (;ksx 4%) | P57: #- | Q57: =ROUND(Q56*0.04,0) -> 7781
C58: dqy vk;dj ¼3$4½ | P58: #- | Q58: =SUM(Q56:Q57) -> 202301
B59: 17 | C59: ?kVkb;s %& jkgr /kkjk 89 ds rgr | P59: #- | Q59: ='Other Deduction'!E17 -> 0
B60: 18 | C60: dqy 'ks"k vk;dj | P60: #- | Q60: =Q58-Q59 -> 202301
B61: 19 | C61: vk;dj dVkSrh dk fooj.k | F61: flrEcj 2025 rd :i;s | J61: fnlEcj 2025 rd :i;s | L61: tuojh 2026 rd :i;s | M61: Qjojh 2026 rd :i;s | O61: Vh-Mh-,l- :Ik;s | P61: ;ksx dkWye 19
F62: =SUM('Salary Sheet'!Y8:Y14) -> 21000 | J62: =SUM('Salary Sheet'!Y15:Y17) -> 9000 | L62: ='Salary Sheet'!Y18 -> 3000 | M62: ='Salary Sheet'!Y19 -> 0 | O62: =SUM('Salary Sheet'!Y20:Y28)+'Other Deduction'!E18 -> 0 | P62: =F62+J62+L62+M62+O62 -> 33000
B63: =IF(Q60>P62,"Income Tax Payable",IF(Q60<P62,"Income Tax Refundable","Income Tax Payble/Refundable")) -> Income Tax Payable | P63: #- | Q63: =IF(Q60>P62,Q60-P62,P62-Q60) -> 169301
E65: gLrk{kj dkfeZd

Sheet Tax New Regime
B1: ='Salary Sheet'!C3 -> SCHOOL NAME
B2: vk;dj x.kuk izi= o"kZ 2025&2026 ¼dj fu/kkZj.k o"kZ 2026&2027½
B3: 1 | C3: uke deZpkjh % | E3: ='Salary Sheet'!D5 -> PARMANAND MEGHWAL | K3: in % | L3: ='Salary Sheet'!L5 -> HEAD MASTER | O3: PAN : | P3: =IF('Salary Sheet'!Q5="","",'Salary Sheet'!Q5) -> XXXXXXXXXX
B4: 2 | C4: vk; % o"kZ&2025&26 esa izkIr dqy osru ¼ dj ;ksX; lqfo/kkvksa ds eqY; lfgr ½ | P4: #- | Q4: =IF('Salary Sheet'!H1<>"yes",'Salary Sheet'!O29,('Salary Sheet'!O29+'Salary Sheet'!P29)) -> 1323760
B5: 3 | C5: x`g fdjk;k] /kkjk 10¼13&A½ ds vUrxrZ ,oa /kkjk 10¼14½ds vUrxrZ vU; Hkrs tks dj eqDÙk gSA | P5: #- | Q5: 0
B6: 4 | C6: 'ks"k ¼2&3½ | P6: #- | Q6: =Q4-Q5 -> 1323760
B7: 5 | C7: ¼i½euksjatu Hkrk /kkjk 16 ¼ii½ ds vUrxrZ ¼ vf/kdre lhek : 5000 ½ | M7: ='Other Deduction'!B4 -> 0
C8: ¼ii½ O;o;k; dj /kkjk 16 ¼iii½ ds vUrxrZ | M8: 0
C9: ¼iiI½ LVs.MMZ fMMsD'ku (Standard Deduction) 75]000 ¼vf/kdre½ | M9: 75000 | P9: #- | Q9: =SUM(M7:O9) -> 75000
B10: 6 | C10: 'ks"k ¼4&5½ | P10: #- | Q10: =Q6-Q9 -> 1248760
B11: 7 | C11: ¼v½x`g lEifr ls vk;%¼1½ Loa; ds mi;ksx esa &'kwU; | K11: ¼2½ izkIr fdjk;k #- | M11: 0
C12: ¼c½ ?kVk;sa | E12: fdjk;s dk 30% | H12: x`g _.k ij C;kt | K12: x`gdj | M12: ;ksx 7¼c½
E13: =ROUND(M11*0.3,0) -> 0 | H13: 0 | K13: ='Other Deduction'!B7 -> 0 | M13: =E13+H13+K13 -> 0
C14: 'ks"k &@$¼7¼v½ ,oa ;ksx 7¼c½ dk½ | P14: #- | Q14: =M11-M13 -> 0
B15: 8 | C15: dqy 'ks"k &@$¼6,oa 7½ | P15: #- | Q15: =Q10+Q14 -> 1248760
B16: 9 | C16: vU; vk; | P16: #- | Q16: ='Other Deduction'!E3+'Other Deduction'!E4 -> 0
B17: 10 | C17: ldy vk; ;ksx ¼8$9½ | P17: #- | Q17: =Q15+Q16 -> 1248760
B18: 11 | C18: ?kVkb;s dVkSSfr;k¡ %& /kkjk US 80C, 80CCC,80CCD (1)
C19: (A) vf/kdre lhek 1]50]000@& ¼/kkjk 80CCE ½ ] ¼/kkjk 80CCD (2), ds vykok
C20: (i) | D20: jkT; chek ¼SI) | H20: #- | I20: ='Salary Sheet'!R29 -> 0 | J20: (xi) | K20: ljdkjh isa'ku ;kstuk esa va'knku ECPF vf/kdre osru dk 10%¼/kkjk 80ccd½ | N20: #- | O20: 0
C21: (ii) | D21: thou chek izhfe;e ¼LIC) | H21: #- | I21: ='Salary Sheet'!R30 -> 0 | J21: (xii) | K21: isa'ku Iyku gsrq va'knku¼/kkjk 80ccc½ | N21: #- | O21: 0
C22: (iii) | D22: jk"Vªh; cpr i= ¼NSC) | H22: #- | I22: ='Salary Sheet'!R31 -> 0 | J22: (xiii) | K22: jk"Vªh; cpr i= ij vnr C;kt | N22: #- | O22: 0
C23: (iv) | D23: yksd Hkfo"; fuf/k ¼PPF) | H23: #- | I23: ='Salary Sheet'!R32 -> 0 | J23: (xiv) | K23: V;w'ku Qhl | N23: #- | O23: 0
C24: (v) | D24: jk"Vªh; cpr Ldhe ¼NSS) | H24: #- | I24: ='Salary Sheet'!R33 -> 0 | J24: (xv) | K24: bfDoVh fyad lsfoax Ldhe | N24: #- | O24: 0
C25: (vi) | D25: lkekU; izko/kk;h fuf/k ¼GPF) | H25: #- | I25: ='Salary Sheet'!R34 -> 0 | J25: (xvi) | K25: LFkfxr okf"kZdh ¼Defferred Annuty) | N25: #- | O25: 0
C26: (vii) | D26: lkewfgd chek izhfe;e ¼G.Ins.) | H26: #- | I26: ='Salary Sheet'!R35 -> 0 | J26: (xvii) | K26: ih-,y-vkbZ- ¼PLI) | N26: #- | O26: 0
C27: (viii) | D27: ;w- ,y- vkbZ- ih-@okf"kZd Iyku | H27: #- | I27: ='Salary Sheet'!R36 -> 0 | J27: (xviii) | K27: vU; tekjkf'k ¼/kkjk 80 lh ds vUrxZr½ | N27: #- | O27: 0
C28: (ix) | D28: x`g _.k fdLr ¼HBA Premium) | H28: #- | I28: ='Salary Sheet'!R37 -> 0 | J28: (xix) | K28: lqdU;k le`f) ;kstuk esa tek jkf'k | N28: #- | O28: 0
C29: (x) | D29: lkekU; izko/kk;h fuf/k ¼GPF 2004) | H29: #- | I29: ='Salary Sheet'!R38 -> 0 | J29: (xx) | K29: vU; | O29: 0
C30: ;ksx ( i ls xviii ) | N30: #- | O30: =SUM(I20:I29)+SUM(O20:O29) -> 0
C31: vf/kdre dVkSrh dh jkf'k 1-50 yk[k #i, rd | P31: #- | Q31: 0
C32: (B) ?kVkb;s& /kkjk 80CCD(2) fu;ksDrk }kjk isa'ku va'knku dh jkf'k ¼vf/kdre osru dk 10%) i`Fkd ls NwV | Q32: =IF('Salary Sheet'!H1<>"no",'Salary Sheet'!P29,0) -> 0
C33: (C) ?kVkb;s & /kkjk 80CCD (1B) uohu isa'ku ;kstuk esa vfrfjDr va'knku ¼vf/kdre :- 50]000) | P33: #- | Q33: 0
C34: ;ksx 11(A+B+C) | P34: #- | Q34: =SUM(Q31:Q33) -> 0
B35: 12 | C35: vU; dVkSfr;k¡
C36: 1-/kkjk 80 D ,fpfdRlk chek izhfe;e ¼Lo;a]ifr@iRuh o cPpksa ds fy, : 25000] ekrk&firk ds fy, : 25000]lhfu;j flVhtu : 50000½ | P36: #- | Q36: 0
C37: 2- /kkjk 80DD fodykax vkfJrksa ds fpfdRlk mipkj ¼vf/kdre 75]000 rFkk 80% ;k vf/kd fodykaxrk 125]000½ | P37: #- | Q37: 0
C38: 3- /kkjk 80DDB fof'k"V jksaxksa ds mipkj gsrq dVkSrh ¼vf/kdre : 40]000] lhfu;j flVhtu gsrq : 100]000½ | P38: #- | Q38: 0
C39: 4- /kkjk 80E mPp f'k{kk gsrq fy, _.k dk C;kt | P39: #- | Q39: 0
C40: 5- /kkjk 80G /kekZFkZ laLFkkvksa vkfn dks fn;s nku ¼ d Js.kh esa 100 izfr'kr ,oa [k Js.kh esa 50 izfr'kr½ | P40: #- | Q40: 0
C41: 6- /kkjk 80U LFkkbZ :i ls 'kkjhfjd vleFkZrrk dh n'kk esa ¼vf/kdre 75]000 rFkk vf/kfu;e 1995ds vuqlkj 125]000½ | P41: #- | Q41: 0
C42: 7- /kkjk 80 TTA cpr [kkrs ij vf/kdre C;kt :- 10]000 194(IA) (80 TTB - aofj"B ukxfjd vf/kdre C;kt 50000:-½ | P42: #- | Q42: 0
C43: 8- /kkjk 80 GGA vuqeksfnr oSKkfud] lkekftd] xzkeh.k fodkl vkfn gsrq fn;k x;k nku | P43: #- | Q43: 0
C44: dqy ;ksx 12 ¼ 1 ls 6 rd ½ | P44: #- | Q44: 0
B45: 13 | C45: dqy dVkSrh ( 11 + 12) | P45: #- | Q45: =Q34+Q44 -> 0
B46: 14 | C46: dj ;ksX; vk; ( 10 - 13 ) | P46: #- | Q46: =(Q17-Q45) -> 1248760
B47: 15 | C47: dqy vk; dh jkf'k dks lEiw.kZ djuk ¼ nl ds xq.kd esa ½ /kkjk 288A | P47: #- | Q47: =ROUND(Q46,-1) -> 1248760
B48: 16 | C48: vk;dj dh x.kuk mijksDr dkWye 15 ds vk/kkj ij
C49: ,d O;fDr dj nkrk | H49: ofj"B ukxfjd ¼60 ls 80 o"kZ rd½ | L49: 80 o"kZ ;k vf/kd vk;q
C50: 4,00,000 तक | F50: Nil | H50: 4,00,000 तक | K50: Nil | L50: 4,00,000 तक | O50: Nil | P50: #- | Q50: 0
C51: 4,00,001-8,00,000 | F51: 0.05 | H51: 4,00,001-8,00,000 | K51: 0.05 | L51: 8,00,000 तक | O51: 0.05 | P51: #- | Q51: =ROUND(IF(Q47<400001,0,IF(Q47>800000,20000,((Q47-400000)*5%))),0) -> 20000
C52: 8,00,001-12,00,000 | F52: 0.1 | H52: 8,00,001-12,00,000 | K52: 0.1 | L52: 8,00,001-12,00,000 | O52: 0.1 | P52: #- | Q52: =IF(Q47<800001,0,IF(Q47>1200000,40000,((Q47-800000)*10%))) -> 40000
C53: 12,00,001-16,00,000 | F53: 0.15 | H53: 12,00,001-16,00,000 | K53: 0.15 | L53: 12,00,001-16,00,000 | O53: 0.15 | P53: #- | Q53: =IF(Q47<1200001,0,IF(Q47>1600000,60000,((Q47-1200000)*15%))) -> 7314
C54: 16,00,001-20,00,000 | F54: 0.2 | H54: 16,00,001-20,00,000 | K54: 0.2 | L54: 16,00,001-20,00,000 | O54: 0.2 | P54: #- | Q54: =IF(Q47<1600001,0,IF(Q47>2000000,80000,((Q47-1600000)*20%))) -> 0
C55: 20,00,001-24,00,000 | F55: 0.25 | H55: 20,00,001-24,00,000 | K55: 0.25 | L55: 20,00,001-24,00,000 | O55: 0.25 | P55: #- | Q55: =IF(Q47<2000001,0,IF(Q47>2400000,100000,((Q47-2000000)*25%))) -> 0
C56: 24,00,001 से अधिक | F56: 0.3 | H56: 24,00,001 से अधिक | K56: 0.3 | L56: 24,00,001 से अधिक | O56: 0.3 | P56: #- | Q56: =IF(Q47<2400001,0,(Q47-2400000)*30%) -> 0
C57: ¼1½ ;ksx vk;dj | P57: #- | Q57: =SUM(Q50:Q56) -> 67314
C58: ¼2½ NwV ?kkjk 87¼A½ vk; ij vk;dj dh NwV vf/kdre :- 60000 rd½ ;k NwV /kkjk 115BAC(1) ds rgr lhekUr ykHk (Marginal Relief benefit under section 115BAC(1) | P58: #- | Q58: =IF(Q47<1200001,Q57,IF(Q47>1270584,0,Q57-(Q47-1200000))) -> 18554
C60: ¼4½ 'ks"k vk;dj ¼1&2½ | P60: #- | Q60: =Q57-Q58 -> 48760
C61: ¼5½ f'k{kk midj 2% ,oa mPp f'k{kk ds fy, vf/kHkkj 2% (;ksx 4%) | P61: #- | Q61: =ROUND(Q60*0.04,0) -> 1950
C62: dqy vk;dj ¼3$4½ | P62: #- | Q62: =SUM(Q60:Q61) -> 50710
B63: 17 | C63: ?kVkb;s %& jkgr /kkjk 89 ds rgr | P63: #- | Q63: ='Other Deduction'!E17 -> 0
B64: 18 | C64: dqy 'ks"k vk;dj | P64: #- | Q64: =Q62-Q63 -> 50710
B65: 19 | C65: vk;dj dVkSrh dk fooj.k | F65: flrEcj 2025 rd :i;s | J65: fnlEcj 2025 rd :i;s | L65: tuojh 2026 rd :i;s | M65: Qjojh 2026 rd :i;s | O65: Vh-Mh-,l- :Ik;s | P65: ;ksx dkWye 19
F66: =SUM('Salary Sheet'!Y8:Y14) -> 21000 | J66: =SUM('Salary Sheet'!Y15:Y17) -> 9000 | L66: ='Salary Sheet'!Y18 -> 3000 | M66: ='Salary Sheet'!Y19 -> 0 | O66: =SUM('Salary Sheet'!Y20:Y28)+'Other Deduction'!E18 -> 0 | P66: =F66+J66+L66+M66+O66 -> 33000
B67: =IF(Q64>P66,"Income Tax Payable",IF(Q64<P66,"Income Tax Refundable","Income Tax Payble/Refundable")) -> Income Tax Payable | P67: #- | Q67: =IF(Q64>P66,Q64-P66,P66-Q64) -> 17710
E69: gLrk{kj dkfeZd

Sheet Form 16
E1: FORM NO.16 | J1: NEW TAX REGIME
A2: [See rule 31 (1) (a)]
A3: Part A
A4: Certificate under section 203 of the Income Tax Act, 1961 for tax deducted
A5: at source from income chargeable under the head “ Salaries “
A6: Name and address of the employer | G6: Name and Designation of the employee
A7: RAJENDRA KUMAR | G7: ='Salary Sheet'!D5 -> PARMANAND MEGHWAL
A8: PRINCIPAL | G8: ='Salary Sheet'!L5 -> HEAD MASTER
A9: ='Salary Sheet'!C3 -> SCHOOL NAME | G9: ='Salary Sheet'!C3 -> SCHOOL NAME
A11: PAN of the Deducter | D11: TAN of the Deducter | G11: PAN of the Employee
D12: ='Salary Sheet'!V5 -> AAAAAAAA | G12: ='Salary Sheet'!Q5 -> XXXXXXXXXX
A13: TDS Circle where annual | G13: PERIOD | J13: Assessment Year
A14: return / statement under | G14: FROM | I14: TO | J14: 2026-27
A15: section 206 is to be filed | G15: 01.04.2025 | I15: 31.03.2026
A16: Smmary of amount Paid/credited and tax Deducted at source thereon in respect of the Employee
A17: Quarter(s) | C17: Receipt Numbersof Original Quaterly Statements of TDS Under Sub-Section (3) of Section 200 | F17: Amount Paid cridited | H17: Amount of Tax Deducted (Rs) | K17: Amount of Tax Deposited / Remitted (Rs)
A18: Quarter 1 | F18: =SUM('Salary Sheet'!O8:O10) -> 317160 | H18: =SUM('Salary Sheet'!Y8:Y10) -> 9000 | K18: =H18 -> 9000
A19: Quarter 2 | F19: =SUM('Salary Sheet'!O11:O13) -> 326200 | H19: =SUM('Salary Sheet'!Y11:Y13) -> 9000 | K19: =H19 -> 9000
A20: Quarter 3 | F20: =SUM('Salary Sheet'!O14:O16) -> 333480 | H20: =SUM('Salary Sheet'!Y14:Y16) -> 9000 | K20: =H20 -> 9000
A21: Quarter 4 | F21: =SUM('Salary Sheet'!O17:O28) -> 346920 | H21: =SUM('Salary Sheet'!Y17:Y28) -> 6000 | K21: =H21 -> 6000
A22: Total | F22: =SUM(F18:F21) -> 1323760 | H22: =SUM(H18:H21) -> 33000 | K22: =SUM(K18:K21) -> 33000
A23: I.DETAILS TAX DEDUCTED AND DEPOSITED INTO CENTRAL GOVERNMENT ACCOUNT THROUGH BOOK ADJUSTMENT
A24: S.No | B24: Tax Deposited In Respect | E24: Book Identification Number (BIN)
B25: of the deducter | E25: Receipt Numbers of | G25: DDO Serial No in | I25: Date Of Transfer | K25: Status of Maching
C26: (Rs) | E26: Form No.24G | G26: Form No.24G | I26: Form No.24G | K26: with Form.No 24G
I27: (dd/mm/yyyy)
A28: 1
A29: 2
A30: 3
A31: 4
A32: 5
A33: 6
A34: 7
A35: 8
A36: 9
A37: 10
A38: 11
A39: 12
A40: 13
A41: Total (Rs) | B41: =SUM(B28:B40) -> 0
A43: II.DETAILS TAX DEDUCTED AND DEPOSITED INTO CENTRAL GOVERNMENT ACCOUNT THROUGH BOOK CHALLAN
A44: S.No | B44: Tax Deposited In Respect | E44: Book Identification Number (CIN)
B45: of the deducter | E45: BRS Code of the | G45: Date on Which | I45: Challana Serial | K45: Status of Maching
C46: (Rs) | E46: Bank Branch | G46: Tax Deposited | I46: Number | K46: with Form.No 24G
G47: (dd/mm/yyyy)
A48: 1
A49: 2
A50: 3
A51: 4
A52: 5
A53: 6
A54: 7
A55: 8
A56: 9
A57: 10
A58: 11
A59: 12
A60: 13
A61: Total (Rs) | B61: =SUM(B48:D59) -> 0
A62: Verification
A63: I, | B63: =A7 -> RAJENDRA KUMAR | E63: Son/Doughter of | G63: BHANWAR LAL | J63: Working In the Capacity Of
A64: =A8 -> PRINCIPAL | D64: (Designation) do hereby certify that a sum of Rs. | I64: =H22 -> 33000 | J64: (in words)
F65: has beeen deducted at source and paid to the credit of the Central Government.
A66: I further certify that the information given above is true and correct based on the book of accounts, documents and TDS Statements, TDS Deposited and other available records.
A68: Notes :
A69: 1. Government deductors to fill information in item I if tax is paid without production of an income-tax challan and in item II if tax .
A70: is paid accompanied by an income-tax challan
A71: 2. Non-Government deductors to fill information in item II.
A72: 3. The deductor shall furnish the address of the Commissioner of Income-tax (TDS) having jurisdiction as regards TDS
A73: statements of the assessee.
A74: 4. If an assessee is employed under one employer only during the year, certificate in Form No. 16 issued for the quarter ending on
A75: 31st March of the financial year shall contain the details of tax deducted and deposited for all the quarters of the financial year.
A76: 5. If an assessee is employed under more than one employer during the year, each of the employers shall issue Part
A77: A of the certificate in Form No. 16 pertaining to the period for which such assessee was employed with each of the employers.
A78: Part B (Annexure) of the certificate in Form No.16 may be issued by each of the employers or the last employer at the
... A84: 1. Gross Salary *
B85: ( a ) Salary as per provisions contained in section 17 (1) | I85: ='Tax Old Regime'!Q4 -> 1323760
B86: ( b ) Value of perquisites under section 17 (2)
B87: (as per Form No. 12 BA, wherever applicable)
B88: ( c ) Profits in lieu of Salary under section 17 (3)
B89: (as per Form No. 12 BA, wherever applicable)
B90: ( d ) Total | J90: =I85+I86+I87+I88+I89 -> 1323760
A92: 2. Less : Allowance to the extent exempt under section 10
A93: a)HRA | I93: =IF(J1="OLD TAX REGIME",'Other Deduction'!B3,0) -> 0
A94: b)Other
A95: 3. Balance (1-2) | J95: =J90-I93-I94 -> 1323760
A97: 4. Deductions :
B98: (a) Standard deduction | F98: Rs. | G98: 50000
B99: (b) Entertainment allowance | F99: Rs. | G99: 0
B100: (c) Tax on Employment | F100: Rs. | G100: 0
A101: 5. Aggregate of 4 (a to c) | I101: 50000
A103: 6. Income chargeable under the Head ‘Salaries’(3-5) | L103: =IF(AND((J95>50000)),(J95-I101),0) -> 1273760
A105: 7. Add. : Any other income reported by the employee
B106: Less:- Loss From House Properties | I106: =IF(J1="OLD TAX REGIME",'Tax Old Regime'!H13,0) -> 0 | L106: =I106 -> 0
A108: 8. Gross total income (6+7) | L108: =L103+L105-L106 -> 1273760
G109: Gross Amount | I109: Qualifying Amt. | K109: Deductible Amt.
A110: 9. Deductions Under Chapter VIA
A111: A. | B111: Sections 80C,80CC and 80CCD1
A112: (a) | B112: Section 80C
B113: (i) | C113: GPF/NPS | F113: Rs. | G113: =IF(J1="OLD TAX REGIME",'Salary Sheet'!P29,0) -> 0 | I113: =G113 -> 0 | K113: =I113 -> 0
...
